Construct Section Command Post
Construct Section Command Post
Construct Field Infirmary
Selects Air and Sea Battlegroup
Construct Platoon Command Post
Selects Commando Section Paradrop
Selects M1 Pack Howitzer Paradrop
M1 Pack Howitzer Paradrop
Unlock Bishop Self-propelled Artillery
Bishop Self-propelled Artillery
Construct Company Command Post
Construct Company Command Post
Unlock M3 Grant Medium Tanks
Selects Naval Bombardment